 Dungeon Sprint DCSS version 0.27-a0-1065-ge809cff456 (webtiles) character file.

Game seed: 9195328971754667661

272 mhtbhm the Arsonist (level 6, -3/32 HPs)
             Began as a Deep Elf Fire Elementalist on Apr 23, 2021.
             Was a Believer of Vehumet.
             Hit by a boomerang thrown by a merfolk (15 damage)
             ... in the Dungeon (Sprint V: "Ziggurat Sprint").
             The game lasted 00:02:10 (245 turns).

mhtbhm the Arsonist (Deep Elf Fire Elementalist)     Turns: 245, Time: 00:02:11

Health: -3/32      AC:  2    Str:  5    XL:     6   Next: 2%
Magic:  13/18      EV: 14    Int: 22    God:    Vehumet [**....]
Gold:   0          SH:  0    Dex: 15    Spells: 4/20 levels left

rFire    . . .     SeeInvis .   (no weapon)
rCold    . . .     Faith    .   (no shield)
rNeg     . . .     Spirit   .   a - +0 robe
rPois    .         Reflect  .   (no helmet)
rElec    .         Harm     .   (no cloak)
rCorr    .         Rampage  .   (no gloves)
Will     .....     NoTele   +   (no boots)
Stlth    +++.......             (no amulet)
HPRegen  0.10/turn              (no ring)
MPRegen  0.16/turn              (no ring)

@: no status effects
A: no striking features
a: Renounce Religion


You were in the Dungeon.
You worshipped Vehumet.
Vehumet was pleased with you.
You visited 1 branch

Inventory:

Hand Weapons
 C - the +8 lance "Wyrmbane" {slay drac, rPois rF+ rC+ AC+3}
   (You found it in the Dungeon)

   It affects your AC (+3).
   It protects you from fire.
   It protects you from cold.
   It protects you from poison.
Armour
 a - a +0 robe (worn)
Jewellery
 r - a ring of flight
 s - a +6 ring of dexterity
 t - a +6 ring of dexterity
 u - a +6 ring of intelligence
 v - a +6 ring of intelligence
 w - a +6 ring of strength
 x - a +6 ring of strength
Wands
 y - a wand of mindburst (7)
 z - a wand of iceblast (2)
 A - a wand of acid (6)
Scrolls
 b - 4 scrolls of amnesia
 h - 3 scrolls of blinking
 i - 7 scrolls of fog
 j - a scroll of holy word
 k - 5 scrolls of identify
 l - 2 scrolls of fear
 D - a scroll of brand weapon
Potions
 c - 10 potions of curing
 d - 9 potions of heal wounds
 e - 6 potions of haste
 f - 7 potions of magic
 g - 3 potions of berserk rage
 m - 2 potions of brilliance
 n - 2 potions of invisibility
 o - 4 potions of resistance
 p - a potion of experience
 q - 5 potions of might
Miscellaneous
 B - a lightning rod (4/4)


   Skills:
 + Level 5.7 Dodging
 + Level 5.2 Stealth
 + Level 7.6 Spellcasting
 + Level 1.8 Conjurations
 + Level 10.4 Fire Magic
 + Level 3.2 Evocations


You had 4 spell levels left.
You knew the following spells:

 Your Spells              Type           Power      Damage    Failure   Level
a - Foxfire               Conj/Fire      100%       2x1d9     1%          1
b - Conjure Flame         Conj/Fire      35%        6-21      1%          3
c - Inner Flame           Hex/Fire       31%        N/A       2%          3
d - Sticky Flame          Conj/Fire      35%        2d5       6%          4
e - Fireball              Conj/Fire      17%        3d9       17%         5

Your spell library contained the following spells:

 Spells                   Type           Power      Damage    Failure   Level
 Freeze                   Ice            32%        1d5       8%          1
 Beastly Appendage        Tmut           16%        N/A       8%          1
 Corona                   Hex            8%         N/A       8%          1
 Sting                    Tmut/Pois      32%        1d4       8%          1
 Wereblood                Tmut           8%         N/A       12%         2
 Statue Form              Tmut/Erth      5%         N/A       100%        6
 Discord                  Hex            4%         N/A       100%        8


Dungeon Overview and Level Annotations

Branches:
Dungeon (1/1)

Altars:
Ashenzari
Cheibriados
Dithmenos
Elyvilon
Fedhas
Gozag
Hepliaklqana
Kikubaaqudgha
Makhleb
Nemelex Xobeh
Okawaru
Qazlal
Ru
Sif Muna
Trog
Uskayaw
Vehumet
Wu Jian
Xom
Yredelemnul
Zin
The Shining One
Beogh
Jiyva
Lugonu

Annotations:
D 1 transporter


Message History

Unknown command.
Unknown command.
Aiming: Iceblast
Press: ? - help, Shift-Dir - straight line, f/p - merfolk
Aim: a merfolk, wielding a +0 trident and quivering boomerangs (lightly wounded)
The mass of ice explodes!
The iceblast engulfs the merfolk!
The merfolk is heavily wounded.
The iceblast engulfs the merfolk!
The merfolk is moderately wounded.
The iceblast engulfs the merfolk!
The merfolk is heavily wounded.
The iceblast engulfs the merfolk!
The merfolk is heavily wounded.
Unknown command.
Unknown command.
Unknown command.
Aiming: Corrosive Bolt
Press: ? - help, Shift-Dir - straight line, f/p - merfolk
Aim: a merfolk, wielding a +0 trident and quivering boomerangs (heavily wounded, 67% to hit)
The bolt of acid hits the merfolk.
The merfolk is splashed with acid.
The acid corrodes the merfolk!
The merfolk is heavily wounded.
The bolt of acid hits the merfolk!
The merfolk is splashed with acid.
The acid corrodes the merfolk!
The merfolk is severely wounded.
The bolt of acid hits the merfolk!
The merfolk is splashed with acid.
The merfolk is almost dead.
The merfolk hits you from afar with a +2 trident of protection!
Unknown command.
Okay, then.
You feel much better. The merfolk misses you.
The merfolk hits you from afar with a +2 trident of protection!!
Ouch! That really hurt!
The merfolk closely misses you.
Unknown command.
Blink to where?
Press: ? - help, Dir - move target, p - merfolk
As you read the scroll of blinking, it crumbles to dust.
The merfolk throws a boomerang.
The boomerang hits you!
You die...

▓.8©8.▓.8©8.▓.8©8.▓
▓.|...▓.|)).▓.....▓
▓..[..▓.....▓.).[.▓
▓.....▓.....▓.....▓
▓.....▓.....▓.....▓
▓..†..▓.....▓..©..▓
▓..©..▓..©..▓▓▓▓▓▓▓
▓▓▓▓▓▓▓▓▓▓▓▓▓▓
▓..8©8..@▓
▓.."|=...▓
▓...)....▓
▓........▓
..mmmm..▓
▓.▓....▓.▓
▓...§....▓
▓▓▓▓▓▓▓▓▓▓


You could see 4 merfolk.

Vanquished Creatures
  A yak (D)
  A jelly (D)
  An iron imp (D)
  2 iguanas (D)
  A river rat (D)
  An ufetubus (D)
  A bat skeleton (D)
  An endoplasm (D)
9 creatures vanquished.

Notes
Turn   | Place    | Note
-------+----------+-------------------------------------------
     0 | D        | mhtbhm the Deep Elf Fire Elementalist began the quest for
                  | the Orb.
     0 | D        | Reached XP level 1. HP: 10/10 MP: 6/6
     1 | D        | Found a shimmering blue altar of Sif Muna.
     1 | D        | Found a bloodstained altar of Trog.
     1 | D        | Found a sacrificial altar of Ru.
     1 | D        | Found a stormy altar of Qazlal.
     1 | D        | Found an iron altar of Okawaru.
     3 | D        | Found a sparkling altar of Nemelex Xobeh.
     4 | D        | Found the +6 Majin-Bo {vamp, MP+6 Int+6}
     4 | D        | Found the +9 heavy crossbow "Sniper" {vorpal, Acc+∞ SInv}
     4 | D        | Found the +10 dark maul {vorpal}
     4 | D        | Found the +15 Maxwell's patent armour {-Cast -Tele rElec
                  | Will+ rCorr}
     4 | D        | Found the +18 shield of the Gong {rElec rN+ Will+ EV-5}
     4 | D        | Found the +14 obsidian axe {vorpal, Drain Fly SInv}
     4 | D        | Found the +7 great mace "Firestarter" {inner flame, rF++}
     4 | D        | Found the +6 shillelagh "Devastator" {shatter}
     4 | D        | Found the +11 plutonium sword {Contam Stlth-}
     4 | D        | Found the +8 lance "Wyrmbane" {slay drac, rPois rF+ rC+
                  | AC+3}
     4 | D        | Found the +9 sword of Zonguldrok {reap}
     4 | D        | Found the +13 scythe of Curses {drain, Drain}
     4 | D        | Found the +5 sword of Power {vorpal}
     4 | D        | Found the +7 mace of Variability {chain chaos}
     4 | D        | Found the +7 Singing Sword {vorpal, sonic wave}
     4 | D        | Found the +8 storm bow {elec, penet}
     4 | D        | Found an ancient bone altar of Kikubaaqudgha.
     4 | D        | Found a transporter.
     4 | D        | Found a corrupted altar of Lugonu.
     4 | D        | Found a viscous altar of Jiyva.
     4 | D        | Found a burning altar of Makhleb.
     4 | D        | Found a hazy altar of Hepliaklqana.
     4 | D        | Found an opulent altar of Gozag.
     5 | D        | Found a blossoming altar of Fedhas.
    47 | D        | Became a worshipper of Vehumet
    60 | D        | Entered arena 2.
    60 | D        | Noticed a jelly
    60 | D        | Found a transporter.
    61 | D        | Found the +7 Kryia's mail coat {PotionHeal*2 rC+}
    62 | D        | Killed a jelly
    63 | D        | Reached skill level 6 in Fire Magic
    63 | D        | Reached XP level 2. HP: 15/15 MP: 7/9
    63 | D        | Reached XP level 3. HP: 19/19 MP: 7/10
    99 | D        | Learned a level 3 spell: Conjure Flame
   103 | D        | Learned a level 3 spell: Inner Flame
   103 | D        | Entered arena 3.
   103 | D        | Found a transporter.
   104 | D        | Found the +8 demon trident "Rift" {distort, reach+}
   105 | D        | Reached * piety under Vehumet
   105 | D        | Offered knowledge of Freeze by Vehumet.
   108 | D        | Reached skill level 5 in Spellcasting
   108 | D        | Reached skill level 7 in Fire Magic
   117 | D        | Entered arena 4.
   117 | D        | Noticed a yak
   117 | D        | Found a transporter.
   119 | D        | Reached ** piety under Vehumet
   120 | D        | Reached skill level 8 in Fire Magic
   120 | D        | Reached skill level 1 in Evocations
   120 | D        | Reached XP level 4. HP: 24/24 MP: 12/14
   121 | D        | Killed a yak
   122 | D        | Reached skill level 5 in Dodging
   122 | D        | Reached skill level 5 in Stealth
   122 | D        | Reached skill level 10 in Fire Magic
   122 | D        | Reached XP level 5. HP: 28/28 MP: 15/17
   122 | D        | Reached XP level 6. HP: 32/32 MP: 15/18
   127 | D        | Learned a level 4 spell: Sticky Flame
   133 | D        | Learned a level 5 spell: Fireball
   144 | D        | Got the Volume of Shifting Beguiling
   240 | D        | Entered arena 5.
   240 | D        | Noticed a merfolk
   240 | D        | Noticed a merfolk
   240 | D        | Noticed a merfolk
   240 | D        | Noticed a merfolk
   240 | D        | Found a transporter.
   245 | D        | Hit by a boomerang thrown by a merfolk

Illustrated notes

Levels and vault maps discovered:
D:        sprint_v [room_start, room_1, room_2, room_3, room_4, room_5, room_6,
          room_7, room_8, room_9, room_10, room_11, room_12, room_13, room_14,
          room_15, room_16, room_17, room_18, room_19, room_20, room_21,
          room_22, room_23, room_24, room_25, room_26, room_27]

Skill      XL: |  1  2  3  4 |
---------------+-------------+-----
Dodging        | 3 4 5 |  5.7
Stealth        | 3 4 5 |  5.2
Spellcasting   | 4 6 7 |  7.6
Fire Magic     | 6 8 10 | 10.4
Evocations     | 1 3 |  3.2
Conjurations   | |  1.8

Action                   |  1- 3 |  4- 6 || total
-------------------------+-------+-------++-------
 Cast: Fireball          |       |     1 ||     1
Evoke: Lightning rod     |     4 |     2 ||     6
       Wand              |     4 |     2 ||     6
  Use: Scroll            |       |     1 ||     1
       Potion            |       |     1 ||     1
Dodge: Dodged            |       |     3 ||     3

Table legend: (Time is in decaauts)
 A = Elapsed time spent in this place.
 B = Non-inter-level travel time spent in this place.
 C = Inter-level travel time spent in this place.
 D = Time resting spent in this place.
 E = Time spent auto-exploring this place.
 F = Levels seen in this place.
 G = Mean time per level.
                   A        B        C        D        E       F      G
               +--------+--------+--------+--------+--------+-----+--------+
         Total |    245 |    245 |      0 |    122 |      0 |   1 |  245.0 |
       Dungeon |    245 |    245 |      0 |    122 |      0 |   1 |  245.0 |
               +--------+--------+--------+--------+--------+-----+--------+

Top non-repeatable levels by time:
       D: 245 daAuts
